 Dungeon Crawl Stone Soup version 0.30.0-2-g1aa4bd4387 (webtiles) character file.

Game seed: 12474843365118931451

128 Jarnaxa the Trooper (level 4, 0/35 HPs)
             Began as a Demonspawn Fighter on May 7, 2023.
             Slain by Natasha (2 damage)
             ... on level 2 of the Dungeon.
             The game lasted 00:03:13 (1178 turns).

Jarnaxa the Trooper (Demonspawn Fighter)            Turns: 1178, Time: 00:03:14

Health: 0/35       AC:  9    Str: 18    XL:     4   Next: 86%
Magic:  4/4        EV:  9    Int:  9    God:
Gold:   52         SH:  4    Dex: 13    Spells: 3/3 levels left

rFire   . . .        a - +0 flail
rCold   . . .        c - +0 buckler
rNeg    . . .        b - +0 scale mail
rPois   .            f - +0 helmet of Komank {Slay+2}
rElec   .            m - +0 cloak
rCorr   .            (no gloves)
SInv    .            (no boots)
Will    .....        (no amulet) Stlth
                     (no ring)
HPRegen 0.25/turn    (no ring)
MPRegen 0.09/turn

%: no passive effects
@: slowed, very slow
A: ignite blood 1, demonic magic 1, demonic touch 1
a: no special abilities


You were on level 2 of the Dungeon.
You visited 1 branch of the dungeon, and saw 2 of its levels.

You collected 52 gold pieces.

Inventory:

Hand Weapons
 a - a +0 flail (weapon)
Missiles
 n - 2 javelins (quivered)
Armour
 b - a +0 scale mail (worn)
 c - a +0 buckler (worn)
 f - the +0 helmet of Komank (worn) {Slay+2}
   (You acquired it on level 1 of the Dungeon)

   Slay:      It affects your accuracy & damage with ranged weapons and melee
   (+2).
 m - a +0 cloak (worn)
Jewellery
 h - a ring of resist corrosion
 k - a ring of wizardry
 o - a ring of willpower
 p - an amulet of faith
Scrolls
 l - a scroll of teleportation
 q - a scroll of enchant armour {unknown}
 s - a scroll of blinking {unknown}
Potions
 d - 2 potions of might
 e - 2 potions of heal wounds
 g - a potion of lignification {unknown}
 i - a potion of attraction {unknown}
 j - a potion of haste {unknown}
 r - a potion of berserk rage {unknown}


   Skills:
 + Level 3.3 Fighting
 + Level 3.3 Maces & Flails
 + Level 3.1 Armour
 + Level 1.1 Dodging
 + Level 3.2 Shields


You had 3 spell levels left.
You didn't know any spells.
Your spell library contained the following spells:

 Spells                   Type           Power      Damage    Failure   Level
 Dazzling Flash           Conj/Hex       0%         N/A       99%         3
 Agony                    Necr           0%         N/A       100%        5
 Silence                  Hex/Air        0%         N/A       100%        5


Dungeon Overview and Level Annotations

Branches:
Dungeon (2/15)

Altars:

Annotations:
D:2 Natasha


Innate Abilities, Weirdness & Mutations

Your demonic aura sometimes causes spilled blood to erupt in flames.
Spells you cast may paralyse adjacent enemies.
Your touch may inflict minor irresistible damage on your foes.


Message History

You closely miss Natasha.
Natasha is severely wounded.
Natasha stares at you and mumbles some strange words.
You feel yourself slow down.
You barely miss Natasha.
Natasha is severely wounded.
Natasha closely misses you. x2
You barely miss Natasha.
Natasha is severely wounded.
Natasha barely misses you.
Natasha mewls in sadness.
Natasha mumbles some strange words.
You hit Natasha.
Natasha is almost dead.
You block Natasha's attack.
The cerulean imp hits you with a +1 spear.
Natasha claws you.
The cerulean imp hits you with a +1 spear.
* * * LOW HITPOINT WARNING * * *
You barely miss Natasha.
Natasha is almost dead.
Natasha claws you.
* * * LOW HITPOINT WARNING * * *
You block the cerulean imp's attack. Natasha claws you but does no damage.
The cerulean imp hits you with a +1 spear.
* * * LOW HITPOINT WARNING * * *
You barely miss Natasha.
Natasha is almost dead.
Natasha stares at you and mumbles some strange words.
You feel as though you will be slow longer.
You block the cerulean imp's attack. Natasha closely misses you.
Unknown command.
You hit Natasha but do no damage.
Natasha is almost dead.
The cerulean imp hits you with a +1 spear.
* * * LOW HITPOINT WARNING * * *
Natasha completely misses you.
The cerulean imp hits you but does no damage.
Natasha claws you.
You die...

.....)..............#######.#####
############........# #.#
##.......# #.# ###..#.## #.#
#.#.# #.# #.# # #.# #.# #+# #h#
#@# ################5# #
................†#.#
################)..# #...#
#.#.... #........ #........
#....)...


You could see Natasha and a cerulean imp (summoned).

Vanquished Creatures
  Natasha (twice) (D:2)
  3 adders (D:2)
  3 dart slugs
  3 bats (D:1)
  5 endoplasms
  A giant cockroach (D:1)
  9 goblins
  5 hobgoblins
  5 quokkas
  3 ball pythons (D:1)
  3 kobolds (D:1)
  3 rats
45 creatures vanquished.

Notes
Turn   | Place    | Note
-------+----------+-------------------------------------------
     0 | D:1      | Jarnaxa the Demonspawn Fighter began the quest for the Orb.
     0 | D:1      | Reached XP level 1. HP: 18/18 MP: 1/1
    78 | D:1      | Gained mutation: Your touch may inflict minor irresistible
                  | damage on your foes. [demonic ancestry]
    78 | D:1      | Reached XP level 2. HP: 11/24 MP: 2/2
   210 | D:1      | Identified a scroll of acquirement
   210 | D:1      | Acquired the +0 helmet of Komank {Slay+2}
   494 | D:1      | Gained mutation: Spells you cast may paralyse adjacent
                  | enemies. [demonic ancestry]
   494 | D:1      | Reached XP level 3. HP: 27/29 MP: 3/3
   850 | D:2      | Noticed Natasha
   863 | D:2      | Killed Natasha
   864 | D:2      | Reached skill level 1 in Dodging
   864 | D:2      | Gained mutation: Your demonic aura sometimes causes spilled
                  | blood to erupt in flames. [demonic ancestry]
   864 | D:2      | Reached XP level 4. HP: 20/35 MP: 4/4
  1111 | D:2      | Noticed Natasha
  1129 | D:2      | Killed Natasha
  1165 | D:2      | Noticed Natasha
  1178 | D:2      | Slain by Natasha

Illustrated notes

Levels and vault maps discovered:
D:1:      dpeg_arrival_tiny_a, layout_loops_ring, minmay_cupped
D:2:      layout_basic, basic_altar, minmay_increasing_density, uniq_natasha

Skill      XL: |  1  2  3  4 |
---------------+-------------+-----
Shields        | 3 |  3.2
Armour         | 3 |  3.1
Maces & Flails | 2 3 |  3.3
Dodging        | 1 |  1.1
Fighting       | |  3.3

Action                     |  1- 3 |  4- 6 || total
---------------------------+-------+-------++-------
  Melee: Flail             |    89 |    65 ||   154
    Use: Scroll            |     2 |     1 ||     3
 Armour: Scale mail        |    48 |    47 ||    95
  Dodge: Dodged            |    61 |    43 ||   104
  Block: Buckler           |    21 |    30 ||    51
